 Dungeon Crawl Stone Soup version 0.29-a0-333-gb4c28e87c6 (webtiles) character file.

Game seed: 15008282478357123881

93 Jortsu the Skirmisher (level 4, 32/37 HPs)
             Began as a Demonspawn Fighter on Apr 13, 2022.
             Was a Follower of Vehumet.
             Quit the game on level 2 of the Dungeon.
             The game lasted 00:02:36 (1595 turns).

Jortsu the Skirmisher (Demonspawn Fighter)          Turns: 1595, Time: 00:02:37

Health: 32/37      AC:  6    Str: 24    XL:     4   Next: 37%
Magic:  4/4        EV:  9    Int:  9    God:    Vehumet [*.....]
Gold:   77         SH:  6    Dex: 16    Spells: 3/3 levels left

rFire   . . .      SeeInvis .   a - +0 war axe
rCold   . . .      Faith    .   c - +1 buckler
rNeg    + + .      Spirit   .   b - +0 scale mail
rPois   .          Reflect  .   (helmet restricted)
rElec   .          Harm     .   (no cloak)
rCorr   +          Rampage  .   (no gloves)
Will    .....                   (no boots)
Stlth   ..........              p - amulet of Law {RegenMP Contam rN++ rCorr Dex+3}
HPRegen 0.12/turn               e - +6 ring of strength
MPRegen 0.49/turn               h - ring of resist corrosion

@: slowed, very slow
A: antennae 1, weakness stinger 1
a: Renounce Religion


You were on level 2 of the Dungeon.
You worshipped Vehumet.
Vehumet was aware of your devotion.
You visited 1 branch of the dungeon, and saw 2 of its levels.

You collected 77 gold pieces.

Inventory:

Hand Weapons
 a - a +0 war axe (weapon)
Armour
 b - a +0 scale mail (worn)
 c - a +1 buckler (worn)
Jewellery
 e - a +6 ring of strength (left hand)
 h - a ring of resist corrosion (right hand)
 p - the amulet of Law (around neck) {RegenMP Contam rN++ rCorr Dex+3}
   (You found it on level 2 of the Dungeon)

   [amulet of magic regeneration]

   It increases your rate of magic regeneration.
   Dex:       It affects your dexterity (+3).
   rN:        It greatly protects you from negative energy.
   Contam:    It causes magical contamination when unequipped.
   rCorr:     It protects you from acid and corrosion.
Wands
 j - a wand of flame (17)
Scrolls
 g - a scroll of enchant armour
 m - a scroll of teleportation {unknown}
 o - a scroll of brand weapon {unknown}
Potions
 d - a potion of might
 f - a potion of haste {unknown}
 i - 3 potions of lignification
 k - a potion of degeneration {unknown}
 l - a potion of curing {unknown}
 n - a potion of flight {unknown}
 q - a potion of brilliance {unknown}


   Skills:
 + Level 3.7 Fighting
 + Level 2.9 Axes
 + Level 3.2 Armour
 + Level 0.4 Dodging
 + Level 2.9 Shields


You had 3 spell levels left.
You didn't know any spells.
Your spell library contained the following spells:

 Spells                   Type           Power      Damage    Failure   Level
 Foxfire                  Conj/Fire      0%         2x1d4     78%         1
 Sting                    Tmut/Pois      0%         1d3       78%         1
 Poisonous Vapours        Pois/Air       0%         N/A       89%         2
 Tukima's Dance           Hex            0%         N/A       98%         3
 Olgreb's Toxic Radiance  Pois           0%         N/A       100%        4
 Passage of Golubria      Tloc           0%         N/A       100%        4
 Yara's Violent Unravell  Hex/Tmut       0%         3d3       100%        5


Dungeon Overview and Level Annotations

Branches:
Dungeon (2/15)

Altars:
Vehumet


Innate Abilities, Weirdness & Mutations

You have a pair of small antennae on your head.
You have a small tail.


Message History

The adder is lightly wounded.
You block the adder's attack.
You slash the adder!
You kill the adder!
You have reached level 4!
You feel agile.
Your demonic ancestry asserts itself...
You grow a small tail.
Found a faded altar of an unknown god.
Natasha, Servant of Life and Death comes into view.
Found a robe.
You hit Natasha.
Natasha is heavily wounded.
You hit the fungus but do no damage.
Natasha stares at you and mumbles some strange words.
You feel yourself slow down.
You hit Natasha.
Natasha is heavily wounded.
You slash the fungus!
The fungus begins to die.
Natasha mumbles some strange words.
Natasha shimmers violently.
Natasha splashes around in the water.
Natasha claws you!
You barely miss Natasha. You tail-slap Natasha.
Natasha is severely wounded.
You slash the fungus! Natasha claws you but does no damage.
Natasha mumbles some strange words.
You barely miss Natasha. You tail-slap Natasha.
You kill Natasha!
Natasha growls in agony!
The crimson imp disappears in a puff of smoke!
You hit the fungus.
A nearby fungus withers and dies.
You enter the shallow water.
Moving in this stuff is going to be slow.
You see here the felid corpse of Natasha.
There is a faded altar of an unknown god here.
You cannot tell which god this altar belongs to.
Convert to them anyway?
Vehumet accepts your prayer! Vehumet welcomes you!
You can now gain magical power from killing.
Vehumet offers you knowledge of Foxfire.
Are you sure you want to abandon this character and quit the game? (Confirm with "yes".)

#.P####.##.#.#
#.#
##...P#..#.#.#
#.# #P##.P#.....#
#.#
###.###.....##
##.#
##P...P##.....##
#..#
##...†≈..##.....#
#.##
#P..≈≈≈..P#....##
#.#
##P...[.P##...##
#.#
###♣@♣###...##
#.# ###
##...#####.#
#..........##
#....#.......
#.#.##.#####.
#.#....# #.
#...##.# #.
#.####.# #. #.#
#.# #.


There were no monsters in sight!

Vanquished Creatures
  Natasha (D:2)
  4 adders (D:2)
  2 bats (D:1)
  4 endoplasms
  2 goblins (D:1)
  4 hobgoblins
  3 jackals (D:2)
  A quokka (D:1)
  5 ball pythons
  A frilled lizard (D:1)
  2 kobolds (D:2)
  3 rats
32 creatures vanquished.

Vanquished Creatures (others)
  A fungus (D:2)
1 creature vanquished.

Grand Total: 33 creatures vanquished

Notes
Turn   | Place    | Note
-------+----------+-------------------------------------------
     0 | D:1      | Jortsu the Demonspawn Fighter began the quest for the Orb.
     0 | D:1      | Reached XP level 1. HP: 18/18 MP: 1/1
   198 | D:1      | Discovered your monstrous ancestry.
   198 | D:1      | Gained mutation: You have a pair of small antennae on your
                  | head. [demonic ancestry]
   198 | D:1      | Reached XP level 2. HP: 24/24 MP: 2/2
  1078 | D:2      | Reached XP level 3. HP: 18/29 MP: 3/3
  1470 | D:2      | Identified the amulet of Law {RegenMP Contam rN++ rCorr
                  | Dex+3}
  1552 | D:2      | Gained mutation: You have a small tail. [demonic ancestry]
  1552 | D:2      | Reached XP level 4. HP: 33/36 MP: 4/4
  1583 | D:2      | Found a faded altar of an unknown god.
  1584 | D:2      | Noticed Natasha
  1589 | D:2      | Killed Natasha
  1594 | D:2      | Prayed at the altar of an unknown god.
  1594 | D:2      | Became a worshipper of Vehumet
  1594 | D:2      | Reached * piety under Vehumet
  1594 | D:2      | Offered knowledge of Foxfire by Vehumet.
  1595 | D:2      | Quit the game

Illustrated notes

Levels and vault maps discovered:
D:1:      lemuel_arrival_rhombus, layout_basic, minmay_misc_feat_secret_circle,
          kennysheep_boxes
D:2:      layout_loops_ring, dreamdust_ecumenical_altar_hidden_monk_grotto,
          uniq_natasha

Skill      XL: |  1  2  3 |
---------------+----------+-----
Axes           | 2 |  2.9
Armour         | 3 |  3.2
Fighting       | |  3.7
Dodging        | |  0.4
Shields        | |  2.9

Action                   |  1- 3 |  4- 6 || total
-------------------------+-------+-------++-------
Melee: War axe           |    86 |     4 ||    90
       Tailslap          |       |     2 ||     2
  Use: Scroll            |     2 |       ||     2
Armor: Scale mail        |    50 |     1 ||    51
Dodge: Dodged            |    54 |       ||    54
Block: Buckler           |    32 |       ||    32

Table legend: (Time is in decaauts)
 A = Elapsed time spent in this place.
 B = Non-inter-level travel time spent in this place.
 C = Inter-level travel time spent in this place.
 D = Time resting spent in this place.
 E = Time spent auto-exploring this place.
 F = Levels seen in this place.
 G = Mean time per level.
                   A        B        C        D        E       F      G
               +--------+--------+--------+--------+--------+-----+--------+
         Total |   1672 |   1647 |     25 |    113 |   1217 |   2 |  836.0 |
       Dungeon |   1672 |   1647 |     25 |    113 |   1217 |   2 |  836.0 |
               +--------+--------+--------+--------+--------+-----+--------+

Top non-repeatable levels by time:
     D:1: 1042 daAuts
     D:2: 629 daAuts
